 Dungeon Crawl Stone Soup version 0.31.0-9-g3a7656b989 (webtiles) character file.

Game seed: 558076671784202887

260 jagang the Trooper (level 6, 0/49 HPs)
             Began as a Human Monk on Jan 24, 2024.
             Slain by Pargi (4 damage)
             ... on level 3 of the Dungeon.
             The game lasted 00:03:32 (1680 turns).

jagang the Trooper (Human Monk)                     Turns: 1680, Time: 00:03:33

Health: 0/49       AC:  3    Str: 11    XL:     6   Next: 17%
Magic:  6/6        EV: 12    Int: 10    God:
Gold:   79         SH:  5    Dex: 18    Spells: 5/5 levels left

rFire   . . .        a - +0 falchion
rCold   . . .        f - +0 buckler
rNeg    . . .        b - +0 robe
rPois   .            g - +0 helmet
rElec   .            (no cloak)
rCorr   .            (no gloves)
SInv    .            (no boots)
Will    .....        (no amulet)
Stlth   ++           (no ring)
HPRegen 0.28/turn    (no ring)
MPRegen 0.10/turn

%: no passive effects
@: no status effects
A: explore regen
a: no special abilities


You were on level 3 of the Dungeon.
You visited 1 branch of the dungeon, and saw 3 of its levels.

You collected 79 gold pieces.

Inventory:

Hand Weapons
 a - a +0 falchion (weapon)
Armour
 b - a +0 robe (worn)
 f - a +0 buckler (worn)
 g - a +0 helmet (worn)
Jewellery
 d - an amulet of magic regeneration
 h - an amulet of faith
Scrolls
 e - a scroll of silence {unknown}
 i - a scroll of vulnerability
 m - a scroll of blinking {unknown}
 n - 2 scrolls of revelation
 o - a scroll of enchant armour {unknown}
Potions
 c - a potion of ambrosia
 j - 2 potions of haste {unknown}
 k - a potion of brilliance {unknown}
 l - 3 potions of mutation {unknown}


   Skills:
 * Level 4.4 Fighting
 * Level 4.3 Long Blades
 * Level 2.9 Armour
 - Level 3.0 Dodging
 + Level 1.6 Shields


You had 5 spell levels left.
You didn't know any spells.
Your spell library contained the following spells:

 Spells                   Type           Power      Damage    Failure   Level
 Magic Dart               Conj           0%         1d3       50%         1
 Blink                    Tloc           0%         N/A       63%         2
 Call Imp                 Summ           0%         N/A       63%         2


Dungeon Overview and Level Annotations

Branches:
Dungeon (3/15)

Altars:

Shops:
D:2 =[

Annotations:
D:3 Pargi


Innate Abilities, Weirdness & Mutations

You regain HP and MP as you explore.


Message History

You barely miss Pargi. Pargi bites you! Pargi closely misses you.
Pargi claws you but does no damage. Pargi completely misses you.
Pargi barely misses you. Pargi claws you.
You slash Pargi!
Pargi is moderately wounded.
Pargi bites you! Pargi claws you but does no damage. You block Pargi's attack.
You closely miss Pargi.
Pargi is moderately wounded.
Pargi bites you. Pargi claws you. Pargi closely misses you.
You hit Pargi.
Pargi is moderately wounded.
Pargi barely misses you. x2; Pargi closely misses you.
You closely miss Pargi.
Pargi is moderately wounded.
Pargi looks very sad for a moment.
Pargi bites you! Pargi misses you. Pargi claws you but does no damage.
You hit Pargi.
Pargi is heavily wounded.
Pargi bites you.
* * * LOW HITPOINT WARNING * * *
Pargi closely misses you. Pargi claws you.
* * * LOW HITPOINT WARNING * * *
You hit Pargi but do no damage.
Pargi is heavily wounded.
Pargi bites you.
* * * LOW HITPOINT WARNING * * *
Pargi closely misses you. You block Pargi's attack.
You closely miss Pargi.
Pargi is heavily wounded.
You block Pargi's attack. Pargi closely misses you. Pargi claws you.
* * * LOW HITPOINT WARNING * * *
You hit Pargi.
Pargi is heavily wounded.
Pargi bites you but does no damage. Pargi closely misses you. x2
You barely miss Pargi.
Pargi is heavily wounded.
Pargi completely misses you. Pargi claws you.
* * * LOW HITPOINT WARNING * * *
Pargi claws you.
You die...

#.#### #.# #.# #.# ###**** #.#
*********#...,,* ##### #.#
,,,**,,,,#....,* #...# #.#
,,,**,,,,#.....###...#######.####
,,,,,,,,,......T@................
,,,**,,,,#.....#############.....
,,,**,,,,#$...,*******,,,,,######
,****,,,,#...,,**,,,,,,,,,,,,,,,,
,* *,,,,#..,,,**,,,,,,,,,,******
,* *,,,,##******,,,,,****** ,*
*****,,,* *,,,,,* ,* *,,,*
**,,,,,*** ,* *,,,* *,,,,,,,,*


You could see Pargi.

Vanquished Creatures
  Sigmund (D:2)
  A bombardier beetle (D:3)
  2 gnolls (D:1)
  2 adders
  2 ribbon worms (D:2)
  A dart slug (D:2)
  3 ball pythons
  2 endoplasms
  2 giant cockroaches (D:2)
  4 goblins
  2 hobgoblins (D:2)
  A quokka (D:1)
  3 bats
  3 frilled lizards
  6 kobolds
  8 rats
43 creatures vanquished.

Notes
Turn   | Place    | Note
-------+----------+-------------------------------------------
     0 | D:1      | jagang the Human Monk began the quest for the Orb.
     0 | D:1      | Reached XP level 1. HP: 18/18 MP: 1/1
    80 | D:1      | Reached skill level 1 in Armour
    80 | D:1      | Reached XP level 2. HP: 11/24 MP: 2/2
   580 | D:2      | Reached XP level 3. HP: 26/29 MP: 3/3
   628 | D:2      | Noticed Sigmund
   688 | D:2      | Found Sejac's Armour Emporium.
   847 | D:2      | Killed Sigmund
   848 | D:2      | Reached skill level 1 in Shields
   848 | D:2      | Reached XP level 4. HP: 19/37 MP: 4/4
   848 | D:2      | Reached XP level 5. HP: 21/42 MP: 5/5
   953 | D:2      | Found Xunigh's Jewellery Shop.
  1408 | D:3      | Reached XP level 6. HP: 49/49 MP: 6/6
  1626 | D:3      | Noticed Pargi
  1680 | D:3      | Slain by Pargi

Illustrated notes

Levels and vault maps discovered:
D:1:      amcnicky_arrival_gap_in_the_tavern_cellar, layout_rooms
D:2:      layout_rooms, serial_shops, shop, nicolae_shop_waterfront,
          grunt_ministairs_9, uniq_sigmund
D:3:      layout_basic, minmay_misc_feat_tower, minmay_cupped, uniq_pargi

Skill      XL: |  1  2  3 |
---------------+----------+-----
Armour         | 1 2 |  2.9
Fighting       | 4 |  4.4
Long Blades    | 4 |  4.3
Shields        | 1 |  1.6
Dodging        | |  3.0

Action                     |  1- 3 |  4- 6 || total
---------------------------+-------+-------++-------
  Melee: Falchion          |    70 |    81 ||   151
    Use: Scroll            |       |     2 ||     2
   Stab: Distracted        |       |     1 ||     1
 Armour: Robe              |    29 |    45 ||    74
  Dodge: Dodged            |    52 |    46 ||    98
  Block: Buckler           |    13 |    14 ||    27
